 Dungeon Crawl Stone Soup version 0.26.0-10-g1f06aea511 (webtiles) character file.

Game seed: 12401745310238128332

18083 runemasterragnar the Slinger (level 12, -15/78 HPs)
             Began as a Halfling Hunter on Jan 14, 2021.
             Was a High Priest of Okawaru.
             Demolished by an earth elemental (33 damage)
             ... in a volcano.
             The game lasted 00:36:58 (21324 turns).

runemasterragnar the Slinger (Halfling Hunter)     Turns: 21324, Time: 00:36:58

Health: -15/78     AC:  5    Str: 13    XL:     12   Next: 90%
Magic:  16/16      EV: 20    Int: 16    God:    Okawaru [*****.]
Gold:   898        SH:  7    Dex: 19    Spells: 9/11 levels left

rFire    + + .     SeeInvis .   r - +0 scimitar
rCold    + + .     Faith    .   j - +0 buckler
rNeg     . . .     Spirit   .   v - +0 leather armour {rPois}
rPois    +         Reflect  .   (no helmet)
rElec    .         Harm     .   l - scarf {rC+ rF+}
rCorr    .         Rampage  .   (no gloves)
Will     .....                  t - +0 pair of boots
Stlth    ++++......             A - amulet of magic regeneration
HPRegen  0.23/turn              q - ring of fire
MPRegen  0.40/turn              C - ring "Kaap" {rC++ Int+6 Stlth-}

@: no status effects
A: small, camouflage 1, mutation resistance 1
a: Renounce Religion, Heroism, Finesse


You were in a volcano.
You worshipped Okawaru.
Okawaru was extremely pleased with you.
You visited 2 branches of the dungeon, and saw 14 of its levels.
You also visited: Ossuary and Volcano.

You collected 898 gold pieces.

Inventory:

Hand Weapons
 a - a +5 fustibalus
 b - a cursed +0 rapier
 o - a +1 dagger of venom
 r - a +0 scimitar (weapon)
 D - a +2 dagger of draining
Missiles
 d - 93 sling bullets
 e - 18 boomerangs
 h - 320 stones
 w - 16 poisoned darts (quivered)
 G - 2 throwing nets
 J - 6 datura-tipped darts
Armour
 j - a +0 buckler (worn)
 l - a scarf of resistance (worn)
 m - a +0 cloak
 t - a +0 pair of boots (worn)
 v - a +0 leather armour of poison resistance (worn)
Jewellery
 c - an uncursed amulet of guardian spirit
 q - a ring of fire (left hand)
 s - an uncursed ring of wizardry
 A - an amulet of magic regeneration (around neck)
 C - the ring "Kaap" (right hand) {rC++ Int+6 Stlth-}
   (You found it on level 6 of the Dungeon)

   [ring of intelligence]

   It affects your intelligence (+6).
   It greatly protects you from cold.
   It makes you less stealthy.
 L - an uncursed ring of resist corrosion
 P - a +6 ring of intelligence
 R - a +6 ring of intelligence
Wands
 z - a wand of flame (30)
 E - a wand of polymorph (9)
 F - a wand of iceblast (1)
 H - a wand of random effects (27)
 K - a wand of disintegration (15)
 M - a wand of digging (2)
Scrolls
 k - 3 scrolls of teleportation
 p - 5 scrolls of remove curse
 y - 5 scrolls of enchant armour
 B - 3 scrolls of blinking
 N - a scroll of identify
 O - a scroll of silence
Potions
 f - 2 potions of flight
 g - 2 potions of haste
 i - a potion of brilliance
 n - 4 potions of curing
 u - a potion of degeneration
 x - 2 potions of mutation
 I - 2 potions of might


   Skills:
 + Level 5.7 Fighting
 * Level 10.2 Short Blades
 * Level 13.1 Slings
 + Level 6.3 Armour
 + Level 7.1 Dodging
 * Level 9.7 Stealth
 + Level 6.4 Shields
 + Level 5.8 Invocations
 + Level 5.2 Evocations


You had 9 spell levels left.
You knew the following spells:

 Your Spells              Type           Power        Failure   Level
a - Wereblood             Tmut           0%           43%         2

Your spell library contained the following spells:

 Spells                   Type           Power        Failure   Level
 Beastly Appendage        Tmut           0%           30%         1
 Magic Dart               Conj           0%           30%         1
 Corpse Rot               Necr/Air       N/A          43%         2
 Searing Ray              Conj           0%           43%         2
 Dazzling Flash           Conj/Hex       0%           67%         3
 Ignite Poison            Fire/Tmut/Pois 0%           67%         3
 Spider Form              Tmut/Pois      0%           67%         3
 Dispel Undead            Necr           0%           97%         4
 Fulminant Prism          Conj/Hex       0%           97%         4
 Ice Form                 Ice/Tmut       0%           97%         4
 Iskenderun's Mystic Bla  Conj/Tloc      0%           97%         4
 Blade Hands              Tmut           0%           100%        5
 Borgnjor's Vile Clutch   Necr/Erth      0%           100%        5


Dungeon Overview and Level Annotations

Branches:
Dungeon (10/15)            Temple (0/1) D:7            Lair (4/6) D:8
  Swamp (0/4) Lair:3       Spider (0/4) Lair:4      Ossuary (visited)
Volcano (1/1)
    Orc: D:9-12

Altars:
Cheibriados
Dithmenos
Fedhas
Hepliaklqana
Kikubaaqudgha
Nemelex Xobeh
Okawaru
Qazlal
Trog
Uskayaw
Xom
The Shining One

Shops:
D:9 (

Annotations:
Lair:2 exclusion: oklob plant


Innate Abilities, Weirdness & Mutations

You are small and have problems with some larger weapons.
You are somewhat resistant to further mutation.
Your skin changes colour to match your surroundings (Stealth+).


Message History

The earth elemental is almost destroyed.
The earth elemental barely misses you.
You hit the earth elemental but do no damage.
The earth elemental is almost destroyed.
r - a +0 scimitar (weapon)
You hit the earth elemental but do no damage.
The earth elemental is almost destroyed.
The earth elemental misses you.
You hit the earth elemental but do no damage.
The earth elemental is almost destroyed.
The earth elemental closely misses you.
You hit the earth elemental but do no damage.
The earth elemental is almost destroyed.
You hit the earth elemental but do no damage.
The earth elemental is almost destroyed.
You block the earth elemental's attack.
You hit the earth elemental but do no damage.
The earth elemental is almost destroyed.
The earth elemental hits you!!
You die...

### . ## #.# ≈. ###.##
##.## ≈≈≈
##≈...###)..## ≈≈≈≈
#°°....#.##.@## ≈≈k.≈
#≈≈.∩..'#####E##(.≈≈.≈
#≈≈§..### ###((#
#≈≈...##≈≈≈v ####
#≈≈≈..##≈v≈≈
#≈☼.∩..+≈≈v≈°°
#§≈....#.≈≈.°#
##°...##..≈..# ##...#
#..###


You could see an earth elemental.

Vanquished Creatures
  A boulder beetle (Lair:2)
  A hydra (Lair:1)
  Harold (D:8)
  A two-headed ogre (D:9)
  A lindwurm (Volcano)
  4 black mambas
  A torpor snail (Lair:2)
  7 cane toads
  A molten gargoyle (Volcano)
  2 komodo dragons
  Prince Ribbit (Lair:1)
  13 blink frogs
  A redback (Lair:4)
  2 basilisks
  2 wyverns (Lair:3)
  11 yaks
  A hell hound (Lair:4)
  2 water moccasins
  Duvessa (D:4)
  A black bear (Lair:1)
  A hornet zombie (D:8)
  3 sky beasts
  3 orc warriors
  3 phantoms
  2 necrophages
  13 wolves
  3 ogres
  A centaur (D:7)
  7 bullfrogs
  2 earth elementals (Volcano)
  3 scorpions
  Dowan (D:4)
  8 wights
  A howler monkey (D:5)
  A bullfrog zombie (D:5)
  A centaur zombie (Ossuary)
  2 quasits
  A human zombie (Ossuary)
  2 bullfrog skeletons (D:7)
  3 jellies
  5 hounds
  6 orc priests
  9 orc wizards
  4 iguanas
  7 worker ants
  A big kobold zombie (Ossuary)
  2 hound zombies
  2 hound skeletons
  3 mummies
  A worker ant zombie (D:8)
  A howler monkey skeleton (D:9)
  12 adders
  3 shadow imps
  5 white imps
  2 oozes
  2 adder zombies
  2 adder skeletons (D:4)
  3 worms
  5 dart slugs
  7 leopard geckos
  21 orcs
  7 giant cockroaches
  5 goblins
  5 hobgoblins
  4 jackals (D:7)
  2 quokkas
  2 ball pythons
  8 bats
  3 frilled lizards
  3 goblin zombies
  9 hobgoblin zombies (Ossuary)
  2 jackal zombies (Ossuary)
  5 kobolds
  11 kobold zombies (Ossuary)
  8 orc zombies (Ossuary)
  3 quokka skeletons
  4 rats
  2 rat zombies (Ossuary)
302 creatures vanquished.

Vanquished Creatures (others)
  A giant cockroach (D:8)
  4 bushes (Lair:2)
  13 fungi
  18 plants
36 creatures vanquished.

Grand Total: 338 creatures vanquished

Notes
Turn   | Place    | Note
-------+----------+-------------------------------------------
     0 | D:1      | runemasterragnar the Halfling Hunter began the quest for
                  | the Orb.
     0 | D:1      | Reached XP level 1. HP: 14/14 MP: 1/1
   350 | D:1      | Reached skill level 6 in Slings
   350 | D:1      | Reached XP level 2. HP: 19/19 MP: 2/2
   368 | D:1      | Reached skill level 1 in Short Blades
   786 | D:1      | Reached XP level 3. HP: 24/24 MP: 3/3
  1653 | D:2      | Reached XP level 4. HP: 29/29 MP: 4/4
  1666 | D:2      | Reached skill level 1 in Armour
  1961 | D:2      | Found a hide-covered altar of Uskayaw.
  2801 | D:2      | Reached skill level 1 in Shields
  2813 | D:2      | Found a hazy altar of Hepliaklqana.
  2895 | D:3      | Found an ancient bone altar of Kikubaaqudgha.
  2955 | D:3      | Reached XP level 5. HP: 34/34 MP: 5/5
  4110 | D:3      | Found a sparkling altar of Nemelex Xobeh.
  4614 | D:2      | Found a snail-covered altar of Cheibriados.
  4672 | D:4      | Noticed an ogre
  4955 | D:4      | Reached XP level 6. HP: 39/39 MP: 6/6
  5074 | D:4      | Reached skill level 7 in Slings
  5144 | D:4      | Found a glowing golden altar of the Shining One.
  5152 | D:4      | Found a bloodstained altar of Trog.
  5202 | D:4      | Killed an ogre
  5346 | D:4      | Reached XP level 7. HP: 28/45 MP: 7/7
  5570 | D:4      | Noticed Dowan
  5603 | D:4      | Killed Dowan
  5627 | D:4      | Noticed Duvessa
  5691 | D:4      | Killed Duvessa
  5701 | D:4      | Found an iron altar of Okawaru.
  5900 | D:4      | Became a worshipper of Warmaster Okawaru
  6213 | D:5      | Entered Level 5 of the Dungeon
  6336 | D:5      | Found Govvu's Armour Shop.
  6432 | D:5      | Reached skill level 8 in Slings
  6574 | D:5      | Reached XP level 8. HP: 51/51 MP: 8/8
  6789 | D:5      | Reached skill level 1 in Invocations
  7107 | D:6      | Got a bound turquoise ring
  7111 | D:6      | Found a shimmering altar of Xom.
  7111 | D:6      | Found a shimmering altar of Xom.
  7114 | D:6      | Found a shimmering altar of Xom.
  7114 | D:6      | Found a shimmering altar of Xom.
  7114 | D:6      | Found a shimmering altar of Xom.
  7115 | D:6      | Found a shimmering altar of Xom.
  7265 | D:6      | Reached skill level 1 in Evocations
  7369 | D:6      | Reached * piety under Okawaru
  7500 | D:6      | Reached skill level 5 in Short Blades
  7758 | D:6      | Found a shimmering altar of Xom.
  7759 | D:6      | Found a shimmering altar of Xom.
  7759 | D:6      | Found a shimmering altar of Xom.
  8234 | D:7      | Gained mutation: You are weak. (Str -2) [potion of
                  | mutation]
  9106 | D:7      | Reached XP level 9. HP: 43/57 MP: 10/10
  9276 | D:7      | Learned a level 2 spell: Wereblood
  9336 | D:7      | Found a stormy altar of Qazlal.
  9359 | D:7      | Reached skill level 9 in Slings
  9650 | D:7      | Found a staircase to the Ecumenical Temple.
  9846 | D:7      | Identified the ring "Kaap" {rC++ Int+6 Stlth-} (You found
                  | it on level 6 of the Dungeon)
  9999 | D:7      | Reached skill level 5 in Stealth
 10058 | D:8      | Reached ** piety under Okawaru
 10144 | D:8      | Found a sand-covered staircase.
 10175 | Ossuary  | Entered an ossuary
 10840 | Ossuary  | Lost mutation: You are weak. (Str -2) [potion of mutation]
 10840 | Ossuary  | Gained mutation: Your skin changes colour to match your
                  | surroundings (Stealth+). [potion of mutation]
 10938 | D:8      | Noticed Harold
 10989 | D:8      | Killed Harold
 10989 | D:8      | Reached *** piety under Okawaru
 10990 | D:8      | Reached skill level 10 in Slings
 10990 | D:8      | Reached XP level 10. HP: 26/63 MP: 12/12
 11042 | D:6      | Reached skill level 5 in Dodging
 12372 | D:8      | Found a blossoming altar of Fedhas.
 12772 | D:8      | Found a staircase to the Lair.
 12885 | D:9      | Reached **** piety under Okawaru
 12970 | D:9      | Found Jiuce's Weapon Emporium.
 13103 | D:9      | Found a shadowy altar of Dithmenos.
 13387 | D:9      | Noticed a two-headed ogre
 13396 | D:9      | Killed a two-headed ogre
 13919 | D:10     | Entered Level 10 of the Dungeon
 14018 | D:10     | Noticed a centaur warrior
 14023 | D:10     | Noticed a two-headed ogre
 14369 | Lair:1   | Entered Level 1 of the Lair of Beasts
 14414 | Lair:1   | Reached skill level 11 in Slings
 14446 | Lair:1   | Reached XP level 11. HP: 57/70 MP: 14/14
 14461 | Lair:1   | Reached skill level 5 in Armour
 14545 | Lair:1   | Noticed a four-headed hydra
 14560 | Lair:1   | Killed a four-headed hydra
 14560 | Lair:1   | Reached ***** piety under Okawaru
 14560 | Lair:1   | Received a gift from Okawaru
 14561 | Lair:1   | Reached skill level 5 in Shields
 14842 | Lair:1   | Noticed Prince Ribbit
 14851 | Lair:1   | Killed Prince Ribbit
 14851 | Lair:1   | Received a gift from Okawaru
 14875 | Lair:1   | Got a twisted hunting sling {god gift}
 14876 | Lair:1   | Identified the +6 hunting sling of the Boiling Point
                  | {flame, Fragile rElec rPois Int-4} (Okawaru gifted it to
                  | you on level 1 of the Lair of Beasts)
 15942 | Lair:2   | Noticed a boulder beetle
 15968 | Lair:2   | Killed a boulder beetle
 15985 | Lair:2   | Received a gift from Okawaru
 16057 | Lair:2   | Reached skill level 5 in Fighting
 16279 | Lair:2   | Reached skill level 12 in Slings
 16340 | Lair:2   | Reached skill level 5 in Invocations
 16414 | Lair:2   | Received a gift from Okawaru
 16432 | Lair:2   | Reached XP level 12. HP: 61/77 MP: 15/15
 17479 | Lair:2   | Noticed a seven-headed hydra
 18332 | Lair:3   | Received a gift from Okawaru
 18749 | Lair:3   | Received a gift from Okawaru
 19395 | Lair:3   | Reached skill level 5 in Evocations
 19521 | Lair:3   | Found a staircase to the Swamp.
 19803 | Lair:3   | Identified the Almanac of the Wasteland
 20479 | Lair:4   | Noticed a death yak
 20480 | Lair:4   | Noticed a death yak
 20487 | Lair:4   | Reached skill level 10 in Short Blades
 20524 | Lair:4   | HP: 3/77 [redback (8)]
 20526 | Lair:4   | Reached skill level 13 in Slings
 20769 | Lair:4   | Noticed a death yak
 20769 | Lair:4   | Noticed a death yak
 20774 | Lair:4   | Found a hole to the Spider Nest.
 20926 | Lair:4   | Found a dark tunnel.
 20945 | Volcano  | Entered a volcano
 21324 | Volcano  | Demolished by an earth elemental

Illustrated notes

Levels and vault maps discovered:
D:1:      psy_arrival_dodecagon, layout_basic
D:2:      layout_loops_cross, eat_drink_and_be_merry_uskayaw,
          nzn_hepliaklqana_mist_gate, nicolae_overflow_hidden_temple
D:3:      layout_basic, nemelex_xobeh_ov_fountains_minmay, lemuel_crystal_altar,
          serial_corexii_hall, corexii_hall_statues_l, corexii_hall_statues_l,
          ebering_dispersal_statue_hall
D:4:      layout_cave_pods, kennysheep_mini_moat, lightli_temple_of_fire,
          okawaru_ov_weapons_minmay, uniq_duvessa
D:5:      layout_cave_pools, serial_shops, shop, kennysheep_opposing_triangles
D:6:      layout_layer_cave, xom_redecorated
D:7:      layout_cave_pools, lemuel_round_altar,
          minmay_temple_entry_drinking_statues
D:8:      cheibrodos_fzero, layout_rooms, kennysheep_mini, lair_entry_dummy,
          nicolae_ossuary_entry_giza, kennysheep_pointless_box, uniq_harold
D:9:      layout_irregular_city, marbit_many_paths, serial_shops, shop,
          chequers_serial_rivers_micro_e
D:10:     layout_cave_pools
Lair:1:   layout_roguey, serial_bayou_shore_b, uniq_prince_ribbit2
Lair:2:   layout_regular_city, minmay_hedge_maze, serial_bayou_shore_a
Lair:3:   layout_hall_layers, minmay_swamp_entry_worms,
          chequers_serial_rivers_room_b, grunt_megastairs_3
Lair:4:   layout_hall_layers, spider_nest_entry_webs, enter_volcano_3,
          serial_bayou_shore_b
Volcano:  volcano_aerie

Skill      XL: |  1  2  3  4  5  6  7  8  9 10 11 12 |
---------------+-------------------------------------+-----
Slings         | 6 7 8 10 11 12 13 | 13.1
Short Blades   | 1 2 3 4 5 6 7 9 10 | 10.2
Fighting       | 2 3 4 5 |  5.7
Armour         | 1 2 3 4 5 6 |  6.3
Stealth        | 2 3 4 6 7 8 9 |  9.7
Shields        | 1 2 3 4 5 6 |  6.4
Dodging        | 3 4 5 6 7 |  7.1
Invocations    | 2 3 4 5 |  5.8
Evocations     | 1 2 3 4 5 |  5.2

Action                   |  1- 3 |  4- 6 |  7- 9 | 10-12 || total
-------------------------+-------+-------+-------+-------++-------
Melee: Short sword       |    49 |    17 |       |       ||    66
       Dagger            |       |   117 |    85 |   256 ||   458
       Scimitar          |       |       |   108 |    23 ||   131
 Fire: Hunting sling     |     5 |    28 |   211 |    40 ||   284
       Fustibalus        |       |       |   145 |   466 ||   611
Throw: Dart              |    27 |    10 |    25 |    26 ||    88
       Boomerang         |    11 |     4 |     2 |       ||    17
Invok: Heroism           |       |       |     1 |       ||     1
       Finesse           |       |       |       |     1 ||     1
Evoke: Wand              |       |       |     5 |    12 ||    17
  Use: Scroll            |       |     5 |     5 |    13 ||    23
       Potion            |       |       |     6 |     6 ||    12
 Stab: Sleeping          |     1 |     3 |     1 |     2 ||     7
       Confused          |       |       |       |     1 ||     1
Armor: Leather armour    |     8 |    16 |    54 |    40 ||   118
Dodge: Dodged            |    48 |    71 |   225 |   326 ||   670
Block: Buckler           |     4 |    23 |    91 |   141 ||   259
       Rpst.: Scimitar   |       |       |    45 |     7 ||    52
